CorruptionsAndSegfaults, neutral female scurrid Tourist }}}}}}}}}}}}}}}}}}}}}}}}}}}}}}}}}}}}}}}}}}}}}}}}}}}}}}}}}}} }}}}}}}}}}}}}}}}}}}}}}}}}}}}}}}}}}}}}}}}}}}}}}}}}}}}} }}};}}}}}.}}}}}}.*...}}}}}}}};}}}}}}}}}}}}}}}}}} }}}}}}}..`.}}}}}....}}}}}}}}}}}}}}}}}}}}}}} }...}}}}}}}}}}}..!.}}}..}}}}}}}}}}}}}} T }...}}}}}}};}}....}}}}..}}}}}}}}} ;...}}}}}}}}}}}}}}}}}}}}}}}}}}- }...}}}}}}}}}}}}}}}}}}}}}}}}}.| n S }....}}}}}...}}}}}}}}}}}}}}...----- - }.....}}}}}.}}}}}}}}}}}}}}}.).....| .@ }....}}}}}}}}}}}}}}}}}}}}}`..qn...|.@ s }...?}}}}}}}}}}}}}}}}}}}}}}*..- q T }...S.}}}}}}}}}}}}}}}}}}}}}}}.| S }......}}}}}}}}=}}}}}}};}}}}}}----------------- }.^..<..}}}}}}}...}}}}}}}}}}}}}}}}}c.....&}}}}}}}}}}..}}}}}}}}}......}}}}}} }.....}}}}}}}}}})....}}}}}}}}}}}}}}}}}}}}}}}}}}}}}}.....}}}}}}..}}}.}}}}}}} }}..}}}}}}}}}}}}}..`.}}}}}}}}}}}}}}}}}}}}}}}}}}}}}}}..}}}}}}}}}}}}}}}}}}}}} }}}}}}}}}}}}}}}}}....}}}}}}}}}}}}}}}}}}}}}}}..}}..}}}}}}}}}}}}}}}}}}}}}}}}} }}}}}}}}}}}}}}}}}}}}}}}}}}}}}}}}}}}}}}}}}}}}}}}}}}}}}}}}}}}}}}}}}}}}}}}}}}} }}}}}};}}}}}}}}}}}}}}}}}}}}}}}}}}}}}}}}}}}}}}}}}}}}}}}}}}}}}}}}}}}}}}}}}}}} CorruptionsAndSegfaults the Sightseer Experience level: 3 Strength: 12 Dexterity: 13 Constitution: 13 Intelligence: 12 Wisdom: 11 Charisma: 14 Health: 0(21) Energy: 10(10) Def: 1 Gold: 1232 Moves: 155 Dungeon seed: pVlCbIN-lWHeoHs8 Game ID: CorruptionsAndSegfaults_1498500116 Your Inventory: Coins $ - 1232 gold pieces Weapons a - 51 uncursed +2 darts (in quiver) Armor e - an uncursed +0 Hawaiian shirt (being worn) n - an uncursed +0 helm of brilliance (being worn) Comestibles b - 6 uncursed food rations c - an uncursed chestnut d - an uncursed pancake f - an uncursed tripe ration g - 2 uncursed cream pies C - an uncursed lizard corpse Scrolls i - 3 uncursed scrolls of magic mapping D - an uncursed scroll of gold detection Potions h - 2 uncursed potions of extra healing Wands l - an uncursed wand of secret door detection (0:14) Tools j - an uncursed expensive camera (0:56) k - an uncursed credit card Spells and supernatural/magical abilities: Name Level Category Fail Memory W - pray for help -- divine ? -- Your skills at the end: Miscellaneous Skills wands [Basic] stealth [Skilled] Weapon Skills dart [Basic] Spellcasting Skills Final Attributes: You were devoutly aligned. You were blinded. You were telepathic. You had infravision. You were very stealthy. You are dead. Vanquished creatures: a lizard a shrieker a floating eye a newt a goblin a kobold zombie 6 creatures vanquished. Voluntary challenges: You did not adorn yourself with jewelry or accessories. You did not cause conflict. You were not invisible. You did not have reflection. You were not displaced. You were an atheist. You never hit with a wielded weapon. You did not use containers. You did not apply a unicorn horn. You did not use plumbed fixtures. You did not drink any magical draughts. You read items or engraved 1 time, starting on turn 113. You never genocided any monsters. You never polymorphed an object. You never changed form. You used no wishes. You never split a pudding. You never wrote Elbereth's name. You never violated your personal moral code. Dungeon overview: The Dungeons of Doom: levels 1 to 25 Level 1 a long staircase Level 2 Level 3 Level 4 Level 5 Level 6 Level 7 Level 8 Level 9 Level 10 Level 11 a sink Level 12 Level 13 Level 14 Level 15 a fountain Level 16 Level 17 Level 18 Level 19 Level 20 Level 21 Level 22 Level 23 Level 24 <- You were here Level 25 History has recorded: On T:1 you entered the Dungeons of Doom to retrieve the Amulet of Yendor! On T:4 you reached level 2 of The Dungeons of Doom. On T:7 you reached level 3 of The Dungeons of Doom. On T:19 you reached level 6 of The Dungeons of Doom. On T:29 you reached level 7 of The Dungeons of Doom. On T:33 you reached level 8 of The Dungeons of Doom. On T:35 you reached level 9 of The Dungeons of Doom. On T:37 you reached level 10 of The Dungeons of Doom. On T:40 you reached level 11 of The Dungeons of Doom. On T:42 you reached level 12 of The Dungeons of Doom. On T:44 you reached level 13 of The Dungeons of Doom. On T:50 you reached level 14 of The Dungeons of Doom. On T:67 you advanced to experience level 2. On T:73 you reached level 15 of The Dungeons of Doom. On T:75 you reached level 16 of The Dungeons of Doom. On T:75 you entered the Rogue tribute level. On T:77 you reached level 17 of The Dungeons of Doom. On T:89 you advanced to experience level 3. On T:96 you reached level 19 of The Dungeons of Doom. On T:98 you reached level 20 of The Dungeons of Doom. On T:101 you reached level 21 of The Dungeons of Doom. On T:103 you reached level 22 of The Dungeons of Doom. On T:106 you reached level 23 of The Dungeons of Doom. On T:108 you reached level 24 of The Dungeons of Doom. On T:112 you reached level 25 of The Dungeons of Doom. Score breakdown: Gold: 347 ( 34 points) Experience: 3 levels ( 200 points) Exploration: 25 levels ( 720 points) Discoveries: 2 items ( 100 points) Variety of kills: 6 monsters ( 300 points) Major goal: (nothing yet) ( 0 points) Survival: died (score multiplied by 3) Total score: 4062 Latest messages: You make an opening in the wall. You start chewing a hole in the rock. You continue digging. You make an opening in the wall. $ - 226 gold pieces. You start chewing a hole in the rock. You continue digging. You make an opening in the wall. You start chewing a hole in the rock. You continue digging. You chew a hole in the wall. You are blinded by the flash! You hear a chugging sound. Medusa punches you! (2x) Medusa bites! You hurt your teeth on the hard stone. You start digging. This wall is too hard to dig into. Medusa punches you! (2x) You die... Final status: Aloha CorruptionsAndSegfaults the Tourist, killed by Medusa... You died in The Dungeons of Doom on dungeon level 24 with 4062 points, and 1232 pieces of gold, after 155 moves. You were level 3 with a maximum of 21 hit points when you died.